Map: Port Aleksander LE

Players

firefly - Winner!

  • Race: Protoss Protoss
  • League: Gold
  • Spawn Location: 11:00

Has

  • Race: Protoss Protoss
  • Spawn Location: 5:00

Event: 2019 WCS Winter Americas

VOD

Have the link to the VOD?

Description

Time

  • Played on: Feb. 10, 2019, 2:32 p.m.
  • Length: 12:54

All games in this series

Show
View Real Time Build Order
Export as new Build Order

firefly Protoss - Winner!

Build Orders: Oracle Opening 

Get SALT Encoding   

  12  0:00  Probe  
  13  0:12  Probe  
  14  0:19  Pylon  
  14  0:24  Probe  
  15  0:34  Probe  
  15  0:39  Gateway  
  15  0:42  Probe  
  17  0:50  Assimilator  
  17  0:52  Probe  
  17  0:56  Assimilator  
  18  1:04  Probe  
  19  1:12  Gateway  
  19  1:16  Probe  
  20  1:25  Probe  
  20  1:28  Cybernetics Core  
  21  1:33  Probe  
  21  1:35  Pylon  
  22  1:42  Probe  
  23  2:04  Adept x2  
  23  2:05  Warp Gate  
  27  2:21  Pylon  
  27  2:34  Stalker x2  
  31  2:45  Stargate  
  31  3:05  Nexus, Probe  
  32  3:16  Shield Battery  
  32  3:20  Oracle  
  30  3:33  Probe  
  34  3:35  Shield Battery  
  34  3:45  Probe  
  33  3:53  Stalker x2  
  37  4:09  Void Ray  
  41  4:22  Stalker  
  43  4:25  Stalker  
  45  4:39  Shield Battery  
  45  4:41  Void Ray  
  47  4:58  Stalker x2  
  43  5:18  Probe  
  43  5:21  Robotics Facility  
  38  5:29  Stalker  
  38  5:31  Stalker  
  38  5:50  Shield Battery  
  38  5:51  Shield Battery  
  38  5:54  Stalker  
  38  5:56  Stalker  
  42  6:04  Immortal  
  46  6:24  Zealot x2  
  48  6:33  Pylon  
  48  6:35  Pylon  
  48  6:42  Pylon  
  46  6:59  Immortal  
  46  7:07  Sentry  
  46  7:08  Zealot  
  54  7:27  Warp Prism  
  54  7:34  Stalker x2  
  60  7:58  Stalker  
  60  8:14  Pylon  
  60  8:20  Immortal  
  60  8:22  Pylon  
  60  8:41  Stalker x2  
  64  9:00  Immortal  
  52  9:33  Observer  
  47  9:51  Nexus  
  47  10:03  Pylon  
  47  10:06  Sentry  
  49  10:09  Sentry  
  51  10:25  Probe  
  52  10:37  Stalker  
  54  10:43  Probe  
  55  10:57  Sentry  
  55  11:00  Pylon  
  57  11:05  Warp Prism  
  57  11:08  Stalker  
  61  11:18  Probe  
  62  11:22  Probe  
  63  11:30  Twilight Council  
  63  11:55  Immortal  
  63  12:00  Stalker x2  
  69  12:16  Probe  
  69  12:17  Probe  
  69  12:34  Stalker x2  
Show
View Real Time Build Order
Export as new Build Order

Has Protoss 

Build Orders: Blink Stalkers 

Get SALT Encoding   

  12  0:00  Probe  
  13  0:13  Probe  
  14  0:19  Pylon  
  14  0:24  Probe  
  15  0:33  Probe  
  15  0:38  Gateway  
  15  0:41  Probe  
  16  0:47  Assimilator  
  17  0:52  Probe  
  18  0:57  Assimilator  
  18  1:00  Probe  
  18  1:08  Probe  
  19  1:14  Gateway  
  20  1:20  Probe  
  21  1:29  Cybernetics Core  
  21  1:32  Probe  
  22  1:38  Pylon  
  22  1:44  Probe  
  23  1:56  Probe  
  24  2:05  Stalker x2  
  24  2:06  Warp Gate  
  28  2:12  Pylon  
  28  2:22  Twilight Council  
  28  2:34  Blink  
  28  2:37  Stalker  
  28  2:39  Stalker  
  31  2:52  Pylon  
  31  3:09  Stalker  
  31  3:12  Shield Battery  
  33  3:18  Stalker  
  35  3:28  Gateway  
  35  3:36  Shield Battery  
  35  3:56  Pylon  
  35  3:57  Stalker x2  
  39  4:16  Shield Battery  
  39  4:18  Shield Battery  
  35  4:30  Stalker x2  
  39  4:36  Stalker  
  31  4:55  Stalker  
  29  5:13  Stalker x2  
  28  5:30  Stalker  
  30  5:39  Stalker  
  30  5:45  Stalker  
  31  5:59  Stalker  
  33  6:12  Stalker  
  35  6:23  Stalker  
  37  6:28  Probe  
  38  6:40  Probe  
  39  6:47  Stalker  
  36  7:06  Probe  
  37  7:12  Stalker  
  37  7:13  Stalker  
  42  7:25  Sentry  
  43  7:33  Probe  
  44  7:38  Sentry  
  44  7:39  Stalker  
  48  7:47  Stalker  
  50  7:53  Probe  
  51  8:08  Sentry  
  51  8:10  Zealot  
  55  8:22  Pylon  
  53  8:45  Stalker x2  
  53  8:46  Sentry  
  41  9:12  Zealot x2  
  41  9:13  Zealot  
  43  9:18  Probe  
  24  9:42  Adept x2  
  28  10:09  Nexus  
  28  10:13  Probe  
  29  10:25  Probe  
  30  10:32  Sentry x2  
  32  10:37  Sentry  
  32  10:38  Probe  
  35  10:54  Pylon  
  35  10:55  Gateway  
  35  11:00  Sentry  
  35  11:17  Stalker  
  37  11:23  Stalker  
  39  11:35  Probe  
  41  11:41  Stalker  
  40  11:48  Probe  
  41  11:55  Stalker  
  43  12:02  Stalker  
  43  12:12  Sentry  
  43  12:14  Probe x2  
  45  12:22  Stalker  
  45  12:25  Zealot  
  45  12:31  Zealot  
  42  12:42  Zealot  
  42  12:43  Zealot  
Tags
 
Add a new tag
Caveats
  • Supply blocks, unpowered buildings, or Contaminate may cause inaccurate times.
  • Supply counts are checked every 10 seconds.